 Dungeon Crawl Stone Soup version 0.30-a0-847-g17996783a1 (webtiles) character file.

Game seed: 13492257881636039721

9 holysushi the Cutter (level 2, 22/24 HPs)
             Began as a Demonspawn Monk on Mar 3, 2023.
             Quit the game on level 1 of the Dungeon.
             The game lasted 00:00:11 (106 turns).

holysushi the Cutter (Demonspawn Monk)               Turns: 106, Time: 00:00:13

Health: 22/24      AC:  2    Str: 11    XL:     2   Next: 3%
Magic:  2/2        EV: 12    Int: 11    God:
Gold:   0          SH:  0    Dex: 15    Spells: 1/1 levels left

rFire   . . .      SeeInvis .    a - +0 short sword
rCold   . . .      Faith    .    (no shield)
rNeg    . . .      Spirit   .    b - +0 robe
rPois   .          Reflect  .    (no helmet)
rElec   .          Rampage  .    (no cloak)
rCorr   .                        (no gloves)
Will    .....                    (no boots)
Stlth   ++                       (no amulet)
HPRegen 0.24/turn                (no ring)
MPRegen 0.08/turn                (no ring)

@: no status effects
A: demonic guardian 1
a: no special abilities


You were on level 1 of the Dungeon.
You visited 1 branch of the dungeon, and saw 1 of its levels.

Inventory:

Hand Weapons
 a - a +0 short sword (weapon)
Armour
 b - a +0 robe (worn)
Potions
 c - a potion of ambrosia


   Skills:
 - Level 3.0 Fighting
 + Level 3.2 Short Blades
 - Level 2.6 Dodging
 - Level 1.7 Stealth


You had one spell level left.
You didn't know any spells.
Your spell library was empty.

Dungeon Overview and Level Annotations

Branches:
Dungeon (1/15) Zot: 5897

Altars:


Innate Abilities, Weirdness & Mutations

A weak demonic guardian rushes to your aid.


Message History

A goblin comes into view. It is wielding a +0 club.
Found a fuming grey potion.
The goblin shouts! x2; You hear a shout!
The goblin moves out of view.
The giant cockroach bites you but does no damage.
The goblin misses you.
You closely miss the goblin.
The giant cockroach closely misses you. x2
You barely miss the giant cockroach. The goblin misses you.
The giant cockroach completely misses you.
You hit the goblin.
The goblin is moderately wounded.
The goblin hits you with a +0 dagger. The giant cockroach bites you.
You closely miss the goblin.
The goblin is moderately wounded.
The goblin closely misses you. The giant cockroach barely misses you.
You hit the goblin.
You kill the goblin!
You hit the giant cockroach.
The giant cockroach is almost dead.
The giant cockroach bites you.
You barely miss the giant cockroach.
The giant cockroach is almost dead.
The giant cockroach bites you but does no damage.
You barely miss the giant cockroach.
The giant cockroach is almost dead.
The giant cockroach barely misses you. The goblin hits you with a +0 club.
You hit the giant cockroach.
You kill the giant cockroach!
The goblin barely misses you.
You hit the goblin.
The goblin is severely wounded.
The goblin hits you but does no damage.
You hit the goblin.
You kill the goblin!
You have reached level 2!
Your demonic ancestry asserts itself...
You feel the presence of a demonic guardian.
You see here a +0 club.
A kobold comes into view. It is wielding a +0 short sword.
Are you sure you want to abandon this character and quit the game? (Confirm with "yes".)

#.K# ... ##.. #.. .!.
#..# ..# #+# #..# #.#
#.# #..# #.######.# #..#
#@#......# #..#
.#.####.#.#....# #...
......))..#.##.# ####...
..........#.##.# #......
#.......#.#.##.###.##.##
#...................#)..
#.#.....#.#.##.....†....
# #.#####.#.##..###≈..~#
... ....##.#...#~≈#.


You could see a kobold (wandering).

Vanquished Creatures
  2 giant cockroaches (D:1)
  3 goblins (D:1)
  A hobgoblin (D:1)
  A ball python (D:1)
7 creatures vanquished.

Notes
Turn   | Place    | Note
-------+----------+-------------------------------------------
     0 | D:1      | holysushi the Demonspawn Monk began the quest for the Orb.
     0 | D:1      | Reached XP level 1. HP: 18/18 MP: 1/1
    93 | D:1      | Gained mutation: A weak demonic guardian rushes to your
                  | aid. [demonic ancestry]
    93 | D:1      | Reached XP level 2. HP: 19/24 MP: 2/2
   106 | D:1      | Quit the game

Illustrated notes

Levels and vault maps discovered:
D:1:      dpeg_arrival_connections, layout_basic,
          shapermc_ecumenical_altar_pompeii, minmay_misc_feat_enclosed,
          fountainhead

Skill      XL: |  1 |
---------------+----+-----
Short Blades   | 3 |  3.2
Fighting       | |  3.0
Dodging        | |  2.6
Stealth        | |  1.7

Action                     || total
---------------------------++-------
  Melee: Short sword       ||    25
 Armour: Robe              ||     5
  Dodge: Dodged            ||    19

Table legend: (Time is in decaauts)
 A = Elapsed time spent in this place.
 B = Non-inter-level travel time spent in this place.
 C = Inter-level travel time spent in this place.
 D = Time resting spent in this place.
 E = Time spent auto-exploring this place.
 F = Levels seen in this place.
 G = Mean time per level.
                   A        B        C        D        E       F      G
               +--------+--------+--------+--------+--------+-----+--------+
         Total |    102 |    102 |      0 |     25 |     33 |   1 |  102.0 |
       Dungeon |    102 |    102 |      0 |     25 |     33 |   1 |  102.0 |
               +--------+--------+--------+--------+--------+-----+--------+

Top non-repeatable levels by time:
     D:1: 102 daAuts
